 Dungeon Crawl Stone Soup version 0.31-a0-216-g22e908daa7 (webtiles) character file.

Game seed: 10537338855273430901

46 qw the Shooter (level 3, -1/30 HPs)
             Began as a Minotaur Hexslinger on July 2, 2023.
             Slain by Robin
             ... wielding a +2 club
              (3 damage)
             ... on level 2 of the Dungeon.
             The game lasted 00:00:21 (1208 turns).

qw the Shooter (Minotaur Hexslinger)                Turns: 1208, Time: 00:00:22

Health: -1/30      AC:  2    Str: 12    XL:     3   Next: 46%
Magic:  3/3        EV: 12    Int: 10    God:
Gold:   26         SH:  0    Dex: 14    Spells: 3/4 levels left

rFire   . . .        Y - +1 sling
rCold   . . .        (no shield)
rNeg    . . .        c - +0 robe
rPois   .            (helmet restricted)
rElec   .            (no cloak)
rCorr   .            (no gloves)
SInv    .            (no boots)
Will    .....        (no amulet)
Stlth   +            (no ring)
HPRegen 0.25/turn    (no ring)
MPRegen 0.08/turn

%: no passive effects
@: no status effects
A: horns 2, retaliatory headbutt
a: no special abilities


You were on level 2 of the Dungeon.
You visited 1 branch of the dungeon, and saw 2 of its levels.

You collected 26 gold pieces.


Innate Abilities, Weirdness & Mutations

You have a pair of horns on your head.
You reflexively headbutt those who attack you in melee.


   Skills:
 - Level 2.6 Fighting
 + Level 3.7 Ranged Weapons
 - Level 2.1 Dodging
 - Level 1.0 Spellcasting
 - Level 2.0 Hexes


You had 3 spell levels left.
You knew the following spells:

 Your Spells              Type           Power      Damage    Failure   Level
a - Slow                  Hex            16%        N/A       16%         1

Your spell library contained the following spells:

 Spells                   Type           Power      Damage    Failure   Level
 Inner Flame              Hex/Fire       2%         N/A       56%         3
 Portal Projectile        Hex/Tloc       4%         N/A       56%         3
 Cause Fear               Hex            2%         N/A       83%         4

Inventory:

Hand Weapons
 Y - a +1 sling (weapon)
Armour
 c - a +0 robe (worn)
 h - a +0 pair of gloves
Jewellery
 a - a ring of protection from fire
Scrolls
 b - 3 scrolls of teleportation {unknown}
 e - a scroll of identify
Potions
 i - a potion of haste {unknown}

Dungeon Overview and Level Annotations

Branches:
Dungeon (2/15)

Altars:

Shops:
D:1 :

Annotations:
D:2 Robin


Message History

You shoot a sling bullet. The sling bullet hits the dart slug.
You kill the dart slug!
The goblin barely misses you. The goblin hits you with a +0 dagger.
A kobold comes into view. It is wielding a +0 falchion.
The goblin barely misses you. You furiously retaliate!
You headbutt the goblin!
You kill the goblin!
You shoot a sling bullet.
The sling bullet closely misses the goblin.
The sling bullet hits Robin.
Robin is moderately wounded.
The goblin closely misses you. Robin throws the goblin at you!
You shoot a sling bullet.
The sling bullet hits the goblin but does no damage.
The goblin hits you but does no damage.
A hobgoblin comes into view.
You shoot a sling bullet. The sling bullet barely misses Robin.
The hobgoblin shouts!
The goblin hits you with a +0 dagger. Robin hits you with a +2 club.
You shoot a sling bullet. The sling bullet hits Robin.
Robin is severely wounded.
A hobgoblin comes into view.
Robin hits you with a +2 club. The goblin hits you with a +0 dagger.
You shoot a sling bullet.
The sling bullet completely misses Robin.
The sling bullet hits the kobold.
The kobold is heavily wounded.
A goblin comes into view. It is wielding a +0 club.
Robin closely misses you. The goblin hits you with a +0 dagger.
A goblin comes into view. It is wielding a +0 club.
The goblin closely misses you. Robin closely misses you.
You shoot a sling bullet. The sling bullet barely misses Robin.
The sling bullet closely misses the kobold.
The goblin shouts!
The goblin hits you with a +0 dagger. Robin hits you with a +2 club.
A goblin comes into view. It is wielding a +0 club. x2
You shoot a sling bullet. The sling bullet barely misses Robin.
The sling bullet hits the kobold but does no damage.
The kobold is heavily wounded.
Robin hits you with a +2 club.
You die...

####>..........
#...........
#.##.####.##
#.##.####.#
#.##......#
#.####.#.##
#.###....#
#.##g###.#
#.##@# ...
#.#g)# ###
gK#.. g.>.g...
###. #..). g.
....## ## #.#.#
....#


You could see Robin, a hobgoblin (strong), 4 goblins and a kobold.

Vanquished Creatures
  A gnoll (D:1)
  A dart slug (D:2)
  A ball python (D:2)
  4 endoplasms
  A giant cockroach (D:2)
  6 goblins
  3 hobgoblins
  2 quokkas (D:2)
  6 bats (D:1)
  2 frilled lizards
  2 kobolds (D:1)
  3 rats
32 creatures vanquished.

Notes
Turn   | Place    | Note
-------+----------+-------------------------------------------
     0 | D:1      | qw the Minotaur Hexslinger began the quest for the Orb.
     0 | D:1      | Reached XP level 1. HP: 16/16 MP: 1/1
     0 | D:1      | 0 ||| qw: Version: 0.3-a-35-g05ef00e
     0 | D:1      | 0 ||| qw: Game counter: 7811
     0 | D:1      | 0 ||| qw: Melee chars always use a shield: true
     0 | D:1      | 0 ||| qw: God list: Okawaru
     0 | D:1      | 0 ||| qw: Allow faded altars: false
     0 | D:1      | 0 ||| qw: Do Orc after clearing Dungeon:15 true
     0 | D:1      | 0 ||| qw: Do second Lair branch before Depths: true
     0 | D:1      | 0 ||| qw: Lair rune preference: random
     0 | D:1      | 0 ||| qw: Goals: Normal
     0 | D:1      | 0 ||| PLANNING D:1-11
   234 | D:1      | Found Jocopew's Book Emporium.
   313 | D:1      | Reached skill level 3 in Ranged Weapons
   400 | D:1      | Reached XP level 2. HP: 23/23 MP: 2/2
   765 | D:1      | Reached XP level 3. HP: 30/30 MP: 3/3
  1012 | D:1      | 1012 ||| READING scroll labelled MAZAERR JEME.
  1013 | D:1      | 1013 ||| READING 2 scrolls labelled SORCHE EPLAACZE.
  1014 | D:1      | 1014 ||| READING scroll labelled SYDEUR CIANWO.
  1015 | D:1      | 1015 ||| READING scroll labelled KUOFOA UH RYFO.
  1016 | D:1      | 1016 ||| DROPPING scroll of poison.
  1197 | D:2      | Noticed Robin
  1207 | D:2      | HP: 2/30 [Robin/+2 club (6)]
  1208 | D:2      | Slain by Robin

Levels and vault maps discovered:
D:1:      ebering_trefoil_3fold, layout_basic, serial_shops,
          nicolae_shop_tiny_glass
D:2:      layout_loops_ring, uniq_robin, uniq_sigmund

Skill      XL: |  1  2 |
---------------+-------+-----
Ranged Weapons | 3 |  3.7
Fighting       | 2 |  2.6
Dodging        | |  2.1
Spellcasting   | |  1.0
Hexes          | |  2.0

Action                     || total
---------------------------++-------
   Fire: Sling             ||    77
    Use: Scroll            ||     4
 Armour: Robe              ||     7
  Dodge: Dodged            ||    19

Table legend:
 A = Non-vault XP
 B = Vault XP
 C = Vault XP percentage of total XP
 D = Non-vault monster count
 E = Vault monster count
 F = Vault count percentage of total count
                 A         B        C        D         E       F
            +---------+---------+-------+---------+---------+-------
      Total |      61 |       6 |   9.0 |      29 |       3 |   9.4
            +---------+---------+-------+---------+---------+-------
        D:1 |      44 |       0 |   0.0 |      20 |       0 |   0.0
        D:2 |      17 |       6 |  26.1 |       9 |       3 |  25.0
            +---------+---------+-------+---------+---------+-------
